 Dungeon Crawl Stone Soup version 0.20.0-9-g8272e65 (console) character file.

59 Cab the Grave Robber (level 3, -1/21 HPs)
             Began as a Demonspawn Necromancer on June 3, 2017.
             Slain by an iguana (7 damage)
             ... on level 3 of the Dungeon.
             The game lasted 00:08:53 (1999 turns).

Cab the Grave Robber (Demonspawn Necromancer)       Turns: 1999, Time: 00:08:54

Health: -1/21      AC:  8    Str:  8    XL:     3   Next: 78%
Magic:  4/6        EV: 12    Int: 17    God:
Gold:   149        SH:  0    Dex: 13    Spells: 2/6 levels left

rFire    . . .     SeeInvis .   l - -2 short sword (curse)
rCold    + . .     Gourm    .   (no shield)
rNeg     . . .     Faith    .   a - +0 robe
rPois    .         Spirit   .   (helmet restricted)
rElec    .         Reflect  .   (no cloak)
rCorr    .         Harm     .   (no gloves)
MR       .....                  (no boots)
Stlth    ++........             (no amulet)
Regen    0.1/turn               (no ring)
MPRegen  0.1/turn               (no ring)

@: sanguine armour
A: claws 1, horns 1, cold resistance 1, frail 1, sanguine armour 1
a: no special abilities


You were on level 3 of the Dungeon.
You were not hungry.

You visited 1 branch of the dungeon, and saw 3 of its levels.

You collected 149 gold pieces.

Inventory:

Hand Weapons
 f - a +0 dagger
 l - a cursed -2 short sword (weapon)
Armour
 a - a +0 robe (worn)
Scrolls
 h - a scroll of enchant armour {unknown}
 i - 3 scrolls of remove curse {unknown}
Potions
 g - a potion of might
 j - a potion of ambrosia
Books
 b - a book of Necromancy

   Spells                             Type                      Level
   a - Pain                           Necromancy                   1
   b - Animate Skeleton               Necromancy                   1
   c - Vampiric Draining              Necromancy                   3
   d - Regeneration                   Charms/Necromancy            3
   e - Animate Dead                   Necromancy                   4
   f - Control Undead                 Necromancy                   4
Comestibles
 c - a bread ration
 d - a meat ration
 k - a chunk of flesh
 m - 4 fruits


   Skills:
 - Level 1.7 Dodging
 - Level 1.7 Stealth
 - Level 2.0 Spellcasting
 + Level 6.0 Necromancy


You had 2 spell levels left.
You knew the following spells:

 Your Spells              Type           Power        Failure   Level  Hunger
a - Pain                  Necr           ###.         1%          1    #......
b - Vampiric Draining     Necr           ###.......   4%          3    ###....


Dungeon Overview and Level Annotations

Branches:
Dungeon (3/15)

Altars:

Annotations:
D:3 Ijyb, Natasha


Innate Abilities, Weirdness & Mutations

Your flesh is cold resistant. (rC+)
When seriously injured, your bleeding wounds create armour. (AC +6)
You have sharp fingernails.
You have a pair of small horns on your head.
You are frail. (-10% HP)


Message History

You hit the iguana but do no damage. Your headbutt misses the iguana.
The iguana is lightly wounded.
The iguana closely misses you.
Natasha drinks a potion.
Natasha seems to grow stronger.
You barely miss the iguana.
The iguana is lightly wounded.
The iguana bites you but does no damage.
You hit the iguana but do no damage.
The iguana is lightly wounded.
The iguana bites you.
Your blood congeals into armour.
Natasha casts a spell.
You hit the iguana but do no damage.
The iguana is lightly wounded.
The iguana completely misses you.
You barely miss the iguana.
The iguana is lightly wounded.
The iguana bites you!
* * * LOW HITPOINT WARNING * * *
The crimson imp blinks!
The iguana bites you!
You die...

▒▒▒▒▒▒▒▒▒
▒∙[∙∙∙∙)▒▒▒▒▒▒▒▒▒▒▒
∙∙∙>∙∙∙∙∙∙∙@lh#∙∙∙∙
∙∙∙▒▒▒∙▒▒▒▒▒▒▒▒▒∙▒
▒∙▒ ▒∙▒▒▒▒▒▒▒
▒∙∙∙∙∙∙∙▒
▒▒▒▒▒▒▒▒▒▒▒▒▒▒▒∙▒
▒∙∙∙∙∙∙∙∙∙∙▒▒∙∙∙▒
▒∙∙∙∙∙∙∙∙∙∙▒▒∙▒▒▒
▒∙∙∙∙∙∙∙∙∙∙▒▒∙▒


You could see an iguana and Natasha.

Vanquished Creatures
  An ooze (D:2)
  3 worms (D:2)
  A dart slug (D:2)
  A leopard gecko (D:1)
  An orc (D:3)
  5 bats
  A giant cockroach (D:2)
  6 goblins
  8 hobgoblins
  A ball python (D:3)
  5 frilled lizards
  4 kobolds
  4 rats
41 creatures vanquished.

Notes
Turn   | Place    | Note
-------+----------+-------------------------------------------
     0 | D:1      | Cab the Demonspawn Necromancer began the quest for the Orb.
     0 | D:1      | Reached XP level 1. HP: 13/13 MP: 3/3
   506 | D:1      | Gained mutation: Your flesh is cold resistant. (rC+) [demonic ancestry]
   506 | D:1      | Reached XP level 2. HP: 14/19 MP: 0/5
   568 | D:1      | Reached skill level 5 in Necromancy
  1299 | D:2      | Gained mutation: When seriously injured, your bleeding wounds create armour. (AC +6) [demonic ancestry]
  1299 | D:2      | Reached XP level 3. HP: 18/24 MP: 2/6
  1355 | D:2      | Learned a level 3 spell: Vampiric Draining
  1379 | D:3      | Noticed Ijyb
  1590 | D:2      | Gained mutation: You have a pair of small horns on your head. [potion of mutation]
  1590 | D:2      | Gained mutation: You are frail. (-10% HP) [potion of mutation]
  1590 | D:2      | Gained mutation: You have sharp fingernails. [potion of mutation]
  1954 | D:3      | Reached skill level 6 in Necromancy
  1992 | D:3      | Noticed Natasha
  1999 | D:3      | Slain by an iguana

Skill      XL: |  1  2  3 |
---------------+----------+-----
Necromancy     | 5 6 |  6.0
Dodging        | |  1.7
Stealth        | |  1.7
Spellcasting   | |  2.0

Action                   || total
-------------------------++-------
Melee: Unarmed           ||     9
       Dagger            ||    16
       Short sword       ||    16
 Cast: Pain              ||    71
       Vampiric Draining ||     2
  Use: Scroll            ||     3
       Potion            ||     2
  Eat: Chunk             ||     5
Armor: Robe              ||    15
Dodge: Dodged            ||    36
